 Dungeon Crawl Stone Soup version 0.30.1-9-gdf580d7c3d (webtiles) character file.

Game seed: 10724127021178534878

1376 unlimited1921 the Magician (level 8, 0/50 HPs)
             Began as a Djinni Fire Elementalist on Oct 17, 2023.
             Slain by an acid dragon (14 damage)
             ... on level 6 of the Dungeon.
             The game lasted 00:14:46 (13238 turns).

unlimited1921 the Magician (DjFE)                  Turns: 13238, Time: 00:14:47

Health: 0/50       AC:  0    Str:  7    XL:     8   Next: 98%
Gold:   245        EV: 12    Int: 20    God:
                   SH:  0    Dex: 13

rFire   + + .        (no weapon)
rCold   . . .        (no shield)
rNeg    + . .        l - +2 robe {rC+}
rPois   ∞            (no helmet)
rElec   .            (no cloak)
rCorr   .            (no gloves)
SInv    .            (boots unavailable)
Will    .....        (no amulet)
Stlth   +++          f - ring of positive energy
HPRegen 0.28/turn    (no ring)
MPRegen 0.00/turn

%: infuse magic (-1 HP)
@: corroded, flying
A: sickness immunity, fire resistance 2, cold vulnerability 1, float, innate
caster, HP casting, extra vitality 1
a: no special abilities


You were on level 6 of the Dungeon.
You visited 1 branch of the dungeon, and saw 6 of its levels.

You collected 245 gold pieces.

Inventory:

Missiles
 q - 11 poisoned darts
Armour
 l - a +2 robe of cold resistance (worn)
Jewellery
 f - a ring of positive energy (left hand)
 n - a ring of positive energy
 o - a ring of willpower
Wands
 e - a wand of digging (5)
Scrolls
 a - a scroll of blinking {unknown}
 b - a scroll of fear {unknown}
 c - 3 scrolls of teleportation {unknown}
 k - 2 scrolls of poison {unknown}
 p - a scroll of vulnerability {unknown}
 t - a scroll of enchant armour {unknown}
Potions
 d - 3 potions of heal wounds {unknown}
 g - 4 potions of curing {unknown}
 h - 2 potions of brilliance
 i - a potion of berserk rage
 j - a potion of resistance
 m - a potion of ambrosia
 r - a potion of invisibility {unknown}
 s - 2 potions of lignification {unknown}


   Skills:
 + Level 0.2 Fighting
 + Level 2.9 Dodging
 + Level 4.2 Stealth
 + Level 7.4 Spellcasting


You knew the following spells:

 Your Spells              Type           Power      Damage    Failure   Level
a - Foxfire               Conj/Fire      100%       2x1d9     1%          1
b - Scorch                Fire           74%        2d8       1%          2
c - Volatile Blastmotes   Fire/Tloc      74%        2d16      1%          3
d - Inner Flame           Hex/Fire       37%        N/A       1%          3
e - Flame Wave            Conj/Fire      37%        2d10      4%          4
f - Sting                 Tmut/Pois      100%       1d8       1%          1
g - Wereblood             Tmut           37%        N/A       1%          2
h - Dazzling Flash        Conj/Hex       74%        N/A       1%          3
Your spell library was empty.

Dungeon Overview and Level Annotations

Branches:
Dungeon (6/15)
 Temple: D:4-7

Altars:
Fedhas
Yredelemnul
The Shining One


Innate Abilities, Weirdness & Mutations

You are immune to sickness and miasma.
You are immune to poison.
Your flesh is very heat resistant. (rF++)
You are vulnerable to cold. (rC-)
You float through the air rather than walking.
You learn spells naturally, not from books.
Your magical power is your life essence.
You have superior vitality. (+4 MHP)


Message History

Found a falchion.
Found a leather armour.
An acid dragon comes into view.
You conjure some foxfire!
You conjure some foxfire!
The foxfire hits the acid dragon but does no damage. x2
You conjure some foxfire!
You conjure some foxfire!
The foxfire hits the acid dragon.
The acid dragon is lightly wounded.
The foxfire hits the acid dragon but does no damage.
The acid dragon is lightly wounded.
The foxfire hits the acid dragon!
The acid dragon is moderately wounded.
The foxfire hits the acid dragon but does no damage.
The acid dragon is moderately wounded.
You conjure some foxfire!
The acid dragon bites you! The acid dragon closely misses you.
You conjure some foxfire!
The foxfire hits the acid dragon.
The acid dragon is heavily wounded.
The foxfire hits the acid dragon but does no damage.
The acid dragon is heavily wounded.
The foxfire hits the acid dragon!
The acid dragon is severely wounded.
The acid dragon spits acid at you. The splash of acid hits you!!
* * * LOW HITPOINT WARNING * * *
The acid corrodes you!
You are too injured to fight recklessly!
You are too injured to fight recklessly!
You are too injured to fight recklessly!
Casting: Foxfire (safe; 1% risk of failure)
Confirm with . or Enter, or press ? or * to list all spells.
Flames lash the acid dragon.
The acid dragon is almost dead.
The acid dragon's fire resistance burns away.
* * * LOW HITPOINT WARNING * * *
The foxfire hits the acid dragon but does no damage.
The acid dragon is almost dead.
The acid dragon bites you!
You die...

#######.# .....##.#
####.##.#####
...#.##.#...#
##........#.#
###.#......###
............#
######...#.##.##########
##.##.##.##@D...[!.
#.##.....§.....###
#.#####.##.###.#
##.#####.##... ..
##<.......##..## #
##.)...######..#
##.....).# #..#
###.........# #...
.†'.........+ ....


You could see an acid dragon (catching breath, combustible).

Vanquished Creatures
  Prince Ribbit (D:5)
  Sigmund (D:3)
  A black bear (D:4)
  An ice beast (D:5)
  An ogre (D:5)
  A phantom (D:4)
  2 scorpions
  3 jellies
  3 orc priests
  2 iguanas
  A sleepcap (D:5)
  5 orc wizards
  8 adders
  A white imp (D:4)
  4 dart slugs
  19 orcs
  10 ball pythons
  9 endoplasms
  4 goblins
  7 hobgoblins
  4 jackals
  4 quokkas
  2 bats
  3 frilled lizards
  8 kobolds
  4 rats
  A spectral goblin (D:2)
110 creatures vanquished.

Vanquished Creatures (others)
  514 foxfires
514 creatures vanquished.

Grand Total: 624 creatures vanquished

Notes
Turn   | Place    | Note
-------+----------+-------------------------------------------
     0 | D:1      | unlimited1921 the Djinni Fire Elementalist began the quest
                  | for the Orb.
     0 | D:1      | unlimited1921 set off with the following spells memorised:
                  | Foxfire, Scorch, Volatile Blastmotes, Inner Flame, Flame
                  | Wave.
     0 | D:1      | Reached XP level 1. HP: 15/15 MP: 0/0
   496 | D:1      | Reached XP level 2. HP: 16/21 MP: 0/0
  1879 | D:1      | Reached skill level 3 in Spellcasting
  1880 | D:1      | Reached XP level 3. HP: 8/25 MP: 0/0
  1880 | D:1      | Learned a level 1 spell: Sting
  3964 | D:2      | Found a faded altar of an unknown god.
  4219 | D:2      | Reached XP level 4. HP: 29/31 MP: 0/0
  6039 | D:3      | Noticed Sigmund
  6044 | D:3      | Killed Sigmund
  6045 | D:3      | Reached skill level 4 in Spellcasting
  6045 | D:3      | Reached XP level 5. HP: 26/35 MP: 0/0
  6045 | D:3      | Learned a level 2 spell: Wereblood
  6045 | D:3      | Reached XP level 6. HP: 29/40 MP: 0/0
  7289 | D:4      | Noticed a black bear
  7295 | D:4      | Killed a black bear
  7528 | D:4      | Reached skill level 5 in Spellcasting
  7528 | D:4      | Reached XP level 7. HP: 37/45 MP: 0/0
  7528 | D:4      | Learned a level 3 spell: Dazzling Flash
  8076 | D:4      | Found a blossoming altar of Fedhas.
 10842 | D:5      | Entered Level 5 of the Dungeon
 11221 | D:5      | Noticed Prince Ribbit
 11228 | D:5      | Killed Prince Ribbit
 11229 | D:5      | Reached skill level 6 in Spellcasting
 11229 | D:5      | Reached XP level 8. HP: 46/50 MP: 0/0
 11798 | D:5      | Reached skill level 7 in Spellcasting
 12475 | D:5      | Found a glowing golden altar of the Shining One.
 12485 | D:5      | Found a basalt altar of Yredelemnul.
 12488 | D:5      | Noticed a profane servitor
 12877 | D:5      | Noticed an angel
 13238 | D:6      | Slain by an acid dragon

Illustrated notes

Levels and vault maps discovered:
D:1:      zelgadis_glass_arrival_small, layout_loops_corners
D:2:      layout_loops_cross, dreamdust_ecumenical_altar_drowned_temple
D:3:      layout_basic, uniq_sigmund
D:4:      layout_basic, grunt_temple_overflow_growth_and_decay, minivault_23
D:5:      layout_basic, grunt_temple_overflow_holy_war, uniq_prince_ribbit1
D:6:      layout_loops_corners, cheibriados_altar_1, minmay_misc_feat_diagonals,
          kennysheep_generic_room_16, uniq_crazy_yiuf_cottage,
          uniq_blork_the_orc, uniq_grinder

Skill      XL: |  1  2  3  4  5  6  7  8 |
---------------+-------------------------+-----
Spellcasting   | 3 4 5 6 7 |  7.4
Stealth        | 2 3 4 |  4.2
Fighting       | |  0.2
Dodging        | |  2.9

Action                     |  1- 3 |  4- 6 |  7- 9 || total
---------------------------+-------+-------+-------++-------
   Cast: Foxfire           |   106 |    67 |   150 ||   323
         Scorch            |     4 |     8 |    18 ||    30
         Inner Flame       |       |     2 |     3 ||     5
         Volatile Blastmot |       |     2 |       ||     2
         Flame Wave        |       |       |     1 ||     1
    Use: Scroll            |       |       |     8 ||     8
 Armour: Robe              |       |       |     4 ||     4
  Dodge: Dodged            |     6 |     2 |     6 ||    14
